 Dungeon Crawl Stone Soup version 0.13-a0-2244-g236abbe (webtiles) character file.

200005 Kae the Executioner (level 19, -56/171 (172) HPs)
             Began as a Hill Orc Fighter on July 5, 2013.
             Was a High Priest of Okawaru.
             Killed from afar by Xtahua (61 damage)
             ... with a blast of flame
             ... on Level 5 of the Spider Nest on July 6, 2013.
             The game lasted 02:47:38 (58457 turns).

Kae the Executioner (Hill Orc Fighter)             Turns: 58457, Time: 02:47:38

HP -56/171 (172) AC 36     Str 28      XL: 19   Next: 32%
MP  38/38        EV  8     Int  7      God: Okawaru [*****.]
Gold 4230        SH 21     Dex 18      Spells:  0 memorised, 18 levels left

Res.Fire  : . . .   See Invis. : +   a - +4,+5 war axe of the Slime-mold {flame, +R Res.Cold : . . . Warding : . Z - +3 dwarf plate armour {rN+} Life Prot.: + . . Conserve : . t - +0 shield of Throva Tevawk {Dex+3 Acc+4}
Res.Poison: +       Res.Corr.  : +   m - +2 orc crested helmet {SInv}
Res.Elec. : +       Clarity    : .   s - +2 cloak {MR+}
Sust.Abil.: + .     Spirit.Shd : .   v - +2 pair of fencer's gloves {EV+3 Dex+3 Acc Res.Mut. : . Stasis : . f - +2 pair of boots of the Assassin {+Inv Dex Res.Rott. : . Flight : . c - amulet of the Stars {rCorr Acc+4} Saprovore : + . . e - ring of poison resistance b - ring of sustain abilities

@: extraordinarily resistant to hostile enchantments, extremely unstealthy
A: claws 1, sense surroundings 1, saprovore 1, Str +1, Int -1, Dex -1
a: Heroism, Finesse, Renounce Religion, Evoke Berserk Rage, Evoke Invisibility


You were on level 5 of the Spider Nest.
You worshipped Okawaru.
Okawaru was exalted by your worship.
You were not hungry.

You visited 6 branches of the dungeon, and saw 42 of its levels.
You also visited: Sewer.

You collected 4471 gold pieces.
You spent 261 gold pieces at shops.

Inventory:

Hand weapons
 a - the +4,+5 war axe of the Slime-mold (weapon) {flame, +Rage rElec MR++}
   (You found it on level 11 of the Dungeon)

   It emits flame when wielded, causing extra injury to most foes and up to
   double damage against particularly susceptible opponents.
   Big, fiery blades are also staple armaments of hydra-hunters.
   It insulates you from electricity.
   It affects your resistance to hostile enchantments.
   It lets you go berserk.
 S - the +3,+4 war axe of Houl {flame, *Tele Dex+4}
   (You found it on level 5 of the Lair of Beasts)

   It emits flame when wielded, causing extra injury to most foes and up to
   double damage against particularly susceptible opponents.
   Big, fiery blades are also staple armaments of hydra-hunters.
   It affects your dexterity (+4).
   It causes teleportation.
Armour
 f - the +2 pair of boots of the Assassin (worn) {+Inv Dex+3 Stlth++}
   (You acquired it on level 6 of the Lair of Beasts)

   It affects your dexterity (+3).
   It lets you turn invisible.
   It makes you much more stealthy.
 m - a +2 orcish crested helmet of see invisible (worn)
 o - a +0 horned helmet
 s - a +2 cloak of magic resistance (worn)
 t - the +0 shield of Throva Tevawk (worn) {Dex+3 Acc+4}
   (Okawaru gifted it to you on level 18 of the Dungeon)

   It affects your dexterity (+3).
   It affects your accuracy (+4).
 v - the +2 pair of fencer's gloves (worn) {EV+3 Dex+3 Acc+8}
   (Okawaru gifted it to you on level 13 of the Dungeon)

   It affects your evasion (+3).
   It affects your dexterity (+3).
   It affects your accuracy (+8).
 Z - a +3 dwarven plate armour of positive energy (worn)
Magical devices
 k - a wand of hasting (6)
 K - a wand of digging (21)
 Q - a wand of teleportation (8)
Comestibles
 d - 7 meat rations
 g - a royal jelly
 i - 3 pears
 j - 4 apples
 J - 4 chokos
Scrolls
 A - 2 scrolls of magic mapping
 G - 4 scrolls of remove curse
 X - 2 scrolls of identify
Jewellery
 b - a ring of sustain abilities (left hand)
 c - the amulet of the Stars (around neck) {rCorr Acc+4}
   (You found it on level 3 of the Elven Halls)

   [amulet of resist corrosion]

   It affects your accuracy (+4).
 e - a ring of poison resistance (right hand)
 n - an uncursed amulet of conservation
 E - the ring "Deitsob" {rF+ SInv}
   (You found it on level 1 of the Lair of Beasts)

   [ring of see invisible]

   It protects you from fire.
 H - an uncursed amulet of resist mutation
Potions
 l - 8 potions of curing
 D - a potion of resistance
 F - a potion of restore abilities
 I - a potion of invisibility
 N - 2 potions of cure mutation
 O - a potion of porridge
Books
 h - a book of Changes

   Spells                             Type                      Level
   Beastly Appendage                  Transmutation                1
   Sticks to Snakes                   Transmutation                2
   Spider Form                        Transmutation/Poison         3
   Ice Form                           Ice/Transmutation            4
   Blade Hands                        Transmutation                5


   Skills:
 + Level 17.2 Fighting
 - Level 22.5 Axes
 + Level 15.8 Armour
 - Level 3.2 Shields
 + Level 8.9 Traps
 - Level 22.0 Invocations
 + Level 16.0 Evocations


You had 18 spell levels left.
You didn't know any spells.

Dungeon Overview and Level Annotations

Branches:
Dungeon (21/27)            Temple (1/1) D:4             Orc (4/4) D:11
    Elf (3/3) Orc:4          Lair (8/8) D:10         Shoals (0/5) Lair:4
 Spider (5/5) Lair:4        Slime (0/6) Lair:7       Vaults (0/5) D:20

Altars:
Ashenzari
Cheibriados
Elyvilon
Fedhas
Kikubaaqudgha
Makhleb
Nemelex Xobeh
Okawaru
Sif Muna
Trog
Vehumet
Xom
Yredelemnul
Zin
the Shining One
Beogh

Shops:
D:14: ! Orc:1: [ Orc:4: (([( Elf:2: / Elf:3: =!?*

Portals:
Hell: D:21
Pandemonium: D:21

Annotations
Spider:5 Xtahua


Innate Abilities, Weirdness & Mutations

You can tolerate rotten meat.
You have sharp fingernails.
You are dopey (Int -1).
You passively map a small area around you.
Your muscles are strong, but stiff (Str +1, Dex -1).


Message History

The blast of flame hits you! Xtahua breathes fire at you.
The blast of flame hits you!
You found a web trap!
You are caught in the web!
You found a web trap!
Xtahua tears through a web.
There is a web here.
You struggle to detach yourself from the web.
The web tears apart.
Xtahua breathes fire at you. The blast of flame hits you!
* * * LOW HITPOINT WARNING * * *
Drink which item? (? for menu, Esc to quit)
You feel better. Xtahua breathes fire at you. The blast of flame hits you!
* * * LOW HITPOINT WARNING * * *
You found a web trap!
Xtahua breathes fire at you. The blast of flame hits you!
You die...

.#..# #....# ## #..##
#.<..###.. ^^..#
#..#.#...## .#^###
#####.......#.#
^..#^####^.#........^##
^##...##...#.#.......^##
#.^.#......#..#...#.(^^#
..#...^##...).##^.<.####
.^#..##^#.#...^.@......##
..#.....#^.#^.#.^..#....#
#.....^#^.#^#....#...#..#
#.#..#...#^#..##......###
#..^#..#.#...D#^...#...#
...#..^.....#...#.#..###
.#...#..#^#..#^#......###
.#^.#^^^..#..#^....###^^###
#..##.^#..#...^.##........#


You could see Xtahua.

Vanquished Creatures
  Saint Roka (Orc:4)
  Norris (Spider:2)
  Jory (Spider:5)
  Arachne (Spider:3)
  Nikola (Elf:2)
  Kirke (Spider:2)
  Rupert (Elf:1)
  Agnes (D:15)
  Aizul (D:15)
  Maud (Spider:1)
  2 ghost moths
  Wiglaf (Spider:3)
  Louise (Elf:1)
  Gastronok (D:10)
  A stone giant (D:21)
  2 spectral elves (Elf:3)
  A green death (Elf:3)
  2 emperor scorpions
  7 deep elf annihilators
  4 deep elf death magi (Elf:3)
  Azrael (Spider:1)
  8 deep elf sorcerers (Elf:3)
  Snorg (Elf:2)
  A yaktaur captain (D:19)
  5 hydras
  Fannar (D:10)
  Erica (D:10)
  Harold (Orc:2)
  Josephine (Orc:4)
  3 deep troll shamans (D:21)
  10 spriggans (Lair:8)
  6 deep elf demonologists (Elf:3)
  2 orc high priests
  5 death yaks (Lair:4)
  5 ogre magi
  11 centaur warriors
  3 stone giant zombies
  4 deep elf high priests (Elf:3)
  A rakshasa (D:18)
  A deep troll (D:21)
  Urug (D:12)
  A very ugly thing (Spider:2)
  Nergalle (Spider:1)
  2 catoblepae
  4 stone giant skeletons
  Erolcha (D:11)
  9 deep elf knights
  2 sun demons
  2 soul eaters (Elf:3)
  8 unseen horrors
  3 skeletal warriors (D:14)
  4 ice devils
  An iron troll zombie (D:21)
  8 orc knights
  A wizard (D:17)
  A lindwurm (Lair:8)
  9 crystal golems (Elf:3)
  17 hill giants
  A giant amoeba (D:19)
  5 griffons
  3 orc sorcerers
  30 wolf spiders
  13 cyclopes
  A red wasp zombie (D:15)
  Maurice (D:10)
  A griffon zombie (D:16)
  3 sixfirhies
  An elephant slug (Lair:6)
  10 red wasps
  4 eyes of devastation
  The ghost of Kae the Cleaver, an experienced HOFi (D:5)
  A griffon skeleton (D:18)
  A spiny worm zombie (D:18)
  8 spiny frogs
  2 orange demons
  11 elephants
  2 black mambas
  A spriggan druid (Lair:8)
  14 demonic crawlers
  21 slime creatures
  24 yaktaurs
  An item mimic (D:9)
  3 hill giant zombies
  A naga mage (D:20)
  4 hellwings
  3 red devils (Elf:3)
  38 ugly things
  8 komodo dragons
  Sonja (D:11)
  2 iron devils
  4 blue devils
  7 trolls
  3 smoke demons
  A queen bee (Lair:7)
  17 two-headed ogres
  2 deep troll skeletons
  A giant firefly (Lair:8)
  A blink frog (shapeshifter) (Elf:1)
  15 blink frogs
  4 basilisks
  6 sharks (Lair:1)
  16 jumping spiders
  10 grizzly bears
  2 fire elementals (Spider:1)
  9 water elementals (D:19)
  A tarantella (shapeshifter) (D:12)
  2 ynoxinuls
  3 vampires
  63 yaks
  4 shadows
  13 deep elf conjurers
  A giant amoeba simulacrum (D:18)
  12 orb spiders
  Eustachio (D:7)
  A fire crab zombie (D:16)
  19 tarantellas
  5 vampire mosquitoes
  A trapdoor spider (shapeshifter) (D:15)
  3 neqoxecs (Elf:3)
  Grum (D:12)
  4 chaos spawn
  4 hungry ghosts
  9 wraiths
  A clay golem (D:19)
  34 redbacks
  A yaktaur zombie (D:20)
  2 fire drakes (Lair:5)
  8 manticores
  26 wolves
  18 deep elf fighters
  6 hippogriffs
  16 trapdoor spiders
  A mottled dragon (D:18)
  14 deep elf summoners
  3 hogs (Spider:2)
  A wyvern (D:10)
  2 rock worms
  3 soldier ants
  Edmund (D:6)
  3 boulder beetles
  4 hell hounds (Spider:1)
  2 necrophages
  2 manticore zombies (D:12)
  2 cyclops zombies
  2 yaktaur skeletons
  2 freezing wraiths
  2 ice beasts
  5 deep elf priests
  6 porcupines
  2 yak zombies
  9 black bears
  9 yellow wasps
  19 ogres
  50 orc warriors
  A kobold demonologist (D:14)
  2 troll zombies (D:13)
  16 centaurs
  A rock worm zombie (D:16)
  3 phantoms
  8 rotting devils
  4 sky beasts (D:5)
  6 nagas (D:20)
  A troll skeleton (Orc:4)
  A boring beetle (shapeshifter) (D:18)
  10 giant goldfish
  13 big kobolds
  Sigmund (D:6)
  Duvessa (D:6)
  2 boring beetles
  20 crocodiles
  24 deep elf magi
  9 wargs
  15 water moccasins
  21 giant frogs
  A two-headed ogre zombie (D:12)
  A centaur zombie (D:7)
  6 giant slugs
  5 agate snails
  A giant frog skeleton (D:11)
  A spectral orc (Spider:1)
  32 killer bees
  A boulder beetle simulacrum (D:17)
  An eye of draining (D:14)
  A killer bee zombie (D:10)
  8 jellyfish
  4 goliath beetles
  2 big kobold zombies (D:12)
  17 wights
  An electric eel (Spider:3)
  9 crimson imps
  Dowan (D:6)
  12 hounds
  4 quasits
  7 scorpions
  2 ogre skeletons
  25 spiders
  Crazy Yiuf (D:3)
  2 hound zombies (D:7)
  28 orc priests
  2 big fish (Spider:2)
  2 iron imps (Elf:3)
  A basilisk simulacrum (D:14)
  2 hound skeletons
  7 iguanas
  24 orc wizards
  15 worker ants
  20 deep elf soldiers
  21 sheep
  Ijyb (D:5)
  4 jellies
  2 mummies
  16 gnolls
  19 adders
  6 giant centipedes
  24 green rats
  A lemure (Elf:3)
  A giant centipede zombie (D:10)
  A scorpion zombie (D:5)
  A shadow imp (Elf:2)
  9 giant mites
  2 inept feature mimics (D:2)
  An inept item mimic (D:11)
  6 worms
  20 ufetubi
  A white imp (Elf:3)
  18 grey rats
  5 giant eyeballs
  6 giant geckos
  2 oozes
  192 orcs
  28 bats
  15 hobgoblins
  23 jackals
  7 ball pythons
  7 giant cockroaches
  5 giant newts
  A giant spore (D:4)
  26 goblins
  A hobgoblin simulacrum (Orc:4)
  A hobgoblin zombie (D:9)
  4 illusory rakshasas (D:18)
  44 kobolds
  An orc simulacrum (Orc:4)
  4 orc skeletons
  18 quokkas
  50 rats
  A rat skeleton (D:5)
  16 ballistomycetes
  A crawling corpse (Elf:3)
  10 fungi
  8 plants
1934 creatures vanquished.

Vanquished Creatures (others)
  A deep elf high priest (Elf:3)
  A human (Spider:2)
  An iron devil (Elf:3)
  A tarantella (Spider:5)
  A deep elf conjurer (Elf:1)
  A redback (D:13)
  2 orb spiders
  3 deep elf fighters
  A water moccasin (Lair:7)
  3 deep elf magi (Elf:1)
  2 hounds
  A spider (Spider:1)
  2 deep elf soldiers (Elf:1)
  A hobgoblin (D:6)
  2 quokkas
  A bat (D:5)
  A giant newt (D:3)
  A giant spore (D:5)
  2 goblins
  2 rats
  A crawling corpse (Elf:3)
  2 fungi
  2 plants
35 creatures vanquished.

Grand Total: 1969 creatures vanquished

Notes
Turn   | Place    | Note
--------------------------------------------------------------
     0 | D:1      | Kae, the Hill Orc Fighter, began the quest for the Orb.
     0 | D:1      | Reached XP level 1. HP: 19/19 MP: 0/0
    87 | D:1      | Reached XP level 2. HP: 21/26 MP: 1/1
   133 | D:1      | Reached skill level 4 in Axes
   379 | D:1      | Reached XP level 3. HP: 31/33 MP: 2/2
   557 | D:2      | Reached skill level 5 in Axes
   685 | D:2      | Reached XP level 4. HP: 33/39 MP: 3/3
   785 | D:2      | Reached skill level 6 in Axes
  1499 | D:3      | Reached XP level 5. HP: 46/46 MP: 4/4
  1703 | D:3      | Reached skill level 7 in Axes
  1804 | D:3      | Reached XP level 4. HP: 28/39 MP: 3/3
  2133 | D:3      | Noticed Crazy Yiuf
  2148 | D:3      | Killed Crazy Yiuf
  2578 | D:4      | Reached skill level 8 in Axes
  2578 | D:4      | Reached XP level 5. HP: 35/46 MP: 4/4
  2729 | D:4      | Found an ancient bone altar of Kikubaaqudgha.
  2732 | D:4      | Found a deep blue altar of Sif Muna.
  2735 | D:4      | Found a shattered altar of Ashenzari.
  2879 | D:4      | Noticed a phantom
  2880 | D:4      | Found a staircase to the Ecumenical Temple.
  2891 | Temple   | Entered the Ecumenical Temple
  2900 | Temple   | Became a worshipper of Warmaster Okawaru
  2944 | D:4      | Killed a phantom
  2944 | D:4      | Reached skill level 9 in Axes
  2944 | D:4      | Reached XP level 6. HP: 44/52 MP: 5/5
  3060 | D:4      | Found a glowing drain.
  3111 | Sewer    | Entered a sewer
  3468 | Sewer    | Acquired Okawaru's first power
  3468 | Sewer    | Reached skill level 10 in Axes
  3468 | Sewer    | Reached XP level 7. HP: 54/59 MP: 6/6
  4077 | D:5      | Entered Level 5 of the Dungeon
  4099 | D:5      | Paralysed by a giant eyeball for 2 turns
  4115 | D:5      | Reached skill level 11 in Axes
  4118 | D:5      | Paralysed by a giant eyeball for 3 turns
  4254 | D:5      | Noticed Kae's ghost (experienced HOFi)
  4301 | D:5      | Killed Kae's ghost
  4301 | D:5      | Reached skill level 12 in Axes
  4301 | D:5      | Reached XP level 8. HP: 21/66 MP: 7/7
  4769 | D:5      | Reached skill level 13 in Axes
  5157 | D:5      | Reached XP level 9. HP: 67/72 MP: 8/8
  5543 | D:6      | Noticed Ijyb
  5559 | D:5      | Killed Ijyb
  5716 | D:6      | Reached skill level 14 in Axes
  5934 | D:6      | Noticed Sigmund
  5948 | D:6      | Killed Sigmund
  5988 | D:6      | Noticed Dowan
  5989 | D:6      | Noticed Duvessa
  6001 | D:6      | Killed Duvessa
  6015 | D:6      | Killed Dowan
  6480 | D:6      | Reached skill level 15 in Axes
  6688 | D:6      | Noticed Edmund
  6721 | D:6      | Killed Edmund
  7321 | D:7      | Reached skill level 16 in Axes
  7354 | D:7      | Reached XP level 10. HP: 73/79 MP: 9/9
  7563 | D:7      | Noticed Eustachio
  7577 | D:7      | Killed Eustachio
  7888 | D:8      | Reached skill level 1 in Invocations
  8230 | D:8      | Reached skill level 1 in Evocations
  8541 | D:8      | Paralysed by a giant eyeball for 2 turns
  9618 | D:9      | Reached skill level 5 in Invocations
  9747 | D:9      | Reached skill level 5 in Fighting
 10117 | D:9      | Paralysed by a giant eyeball for 2 turns
 10415 | D:9      | Reached skill level 17 in Axes
 10588 | D:10     | Entered Level 10 of the Dungeon
 10990 | D:10     | Noticed Maurice
 11015 | D:10     | Killed Maurice
 11015 | D:10     | Reached skill level 5 in Armour
 11015 | D:10     | Reached XP level 11. HP: 86/88 MP: 18/20
 11024 | D:10     | Acquired Okawaru's second power
 11226 | D:10     | Noticed Fannar
 11859 | D:10     | Killed Fannar
 11932 | D:10     | Noticed Gastronok
 11966 | D:10     | Killed Gastronok
 11966 | D:10     | Reached skill level 5 in Evocations
 12486 | D:10     | Found a staircase to the Lair.
 12504 | Lair:1   | Entered Level 1 of the Lair of Beasts
 12545 | Lair:1   | Got a steaming glass ring
 13232 | D:10     | Noticed Erica
 13252 | D:10     | Killed Erica
 13252 | D:10     | Reached skill level 10 in Invocations
 13470 | D:11     | Noticed an unseen horror
 13488 | D:11     | Killed an unseen horror
 13488 | D:11     | Received a gift from Okawaru
 13488 | D:11     | Reached XP level 12. HP: 79/99 MP: 25/25
 13623 | D:11     | Noticed a hill giant
 14145 | D:11     | Noticed Erolcha
 14159 | D:11     | Killed Erolcha
 14274 | D:11     | Noticed Sonja
 14289 | D:11     | Reached XP level 11. HP: 91/91 MP: 18/24
 14296 | D:11     | Killed Sonja
 14580 | D:11     | Noticed an unseen horror
 14626 | D:11     | Killed an unseen horror
 14936 | D:11     | Found a staircase to the Orcish Mines.
 15169 | D:11     | Got a smoking war axe
 15170 | D:11     | Identified the war axe of the Slime-mold {flame, +Rage rElec MR++} (You found it on level 11 of the Dungeon)
 15179 | D:11     | Reached skill level 18 in Axes
 15197 | D:11     | Reached XP level 12. HP: 67/100 MP: 26/26
 15397 | D:12     | Noticed Urug
 15406 | D:12     | Killed Urug
 15459 | D:12     | Identified the ring "Deitsob" {rF+ SInv} (You found it on level 1 of the Lair of Beasts)
 15688 | D:12     | Noticed Grum
 15696 | D:12     | Killed Grum
 16518 | D:13     | Noticed a five-headed hydra
 16524 | D:13     | Killed a hydra
 16556 | D:13     | Noticed a centaur warrior
 16834 | D:13     | Killed a centaur warrior
 16931 | D:13     | Noticed an eight-headed hydra
 16948 | D:13     | Killed a one-headed hydra
 16948 | D:13     | Reached skill level 10 in Fighting
 17020 | D:13     | Noticed a centaur warrior
 17026 | D:13     | Killed a centaur warrior
 17757 | D:13     | Reached XP level 13. HP: 88/110 MP: 29/29
 17793 | D:13     | Noticed a two-headed hydra
 17797 | D:13     | Killed a hydra
 17862 | D:13     | Noticed a centaur warrior
 17880 | D:13     | Killed a centaur warrior
 17904 | D:13     | Received a gift from Okawaru
 18386 | D:13     | Reached skill level 19 in Axes
 19134 | Lair:1   | Reached skill level 15 in Invocations
 19841 | Lair:2   | Reached skill level 10 in Armour
 20714 | Lair:3   | Reached skill level 10 in Evocations
 20880 | Lair:4   | Found a hole to the Spider Nest.
 20960 | Lair:4   | Found a staircase to the Shoals.
 21055 | Lair:4   | Reached XP level 14. HP: 66/119 MP: 25/31
 22116 | Lair:5   | Received a gift from Okawaru
 22416 | Lair:5   | Got a faintly glowing war axe
 22417 | Lair:5   | Identified the war axe of Houl {flame, *Tele Dex+4} (You found it on level 5 of the Lair of Beasts)
 23426 | Lair:6   | Identified a scroll of acquirement
 23603 | Lair:6   | Got a faintly humming chain mail
 23621 | Lair:6   | Identified the cursed +0 chain mail "Towurr" {Str+3} (You found it on level 6 of the Lair of Beasts)
 24265 | Lair:7   | Found a staircase to the Slime Pits.
 24272 | Lair:7   | Paralysed by a giant eyeball for 2 turns
 24632 | Lair:8   | Entered Level 8 of the Lair of Beasts
 24832 | Lair:8   | Received a gift from Okawaru
 25523 | Lair:8   | Reached skill level 20 in Axes
 25532 | Lair:8   | Reached XP level 15. HP: 126/129 MP: 33/33
 26096 | Orc:1    | Entered Level 1 of the Orcish Mines
 26118 | Orc:1    | Found a bloodstained altar of Trog.
 26165 | Orc:1    | Found Plog's Armour Boutique.
 26513 | Orc:2    | Noticed Harold
 26522 | Orc:2    | Killed Harold
 27460 | Orc:4    | Entered Level 4 of the Orcish Mines
 27820 | Orc:4    | Found a roughly hewn altar of Beogh.
 27835 | Orc:4    | Found Duph's Weapon Shop.
 28050 | Orc:4    | Noticed Saint Roka
 28270 | Orc:4    | Killed Saint Roka
 28848 | Orc:4    | Received a gift from Okawaru
 29120 | Orc:4    | Found a staircase to the Elven Halls.
 29229 | Orc:4    | Noticed Josephine
 29237 | Orc:4    | Killed Josephine
 29689 | Orc:4    | Found a roughly hewn altar of Beogh.
 29699 | Orc:4    | Found Shoizim's Antique Weapon Shop.
 29946 | Orc:4    | Found a roughly hewn altar of Beogh.
 29946 | Orc:4    | Found Thripho's Antique Weapon Shoppe.
 29951 | Orc:4    | Found Nack's Antique Armour Emporium.
 30132 | D:14     | Entered Level 14 of the Dungeon
 30132 | D:14     | Found Skioq's Distillery.
 30136 | D:14     | Bought a potion of berserk rage for 54 gold pieces
 30136 | D:14     | Bought a potion of invisibility for 99 gold pieces
 30750 | D:14     | Reached XP level 16. HP: 120/140 MP: 34/34
 31410 | D:14     | Found a glowing golden altar of the Shining One.
 31927 | D:15     | Entered Level 15 of the Dungeon
 32183 | D:15     | Noticed Aizul
 32202 | D:15     | Killed Aizul
 32723 | D:15     | Noticed Agnes
 32738 | D:15     | Killed Agnes
 33328 | D:15     | Found a deep blue altar of Sif Muna.
 33850 | D:16     | Received a gift from Okawaru
 35098 | D:17     | Reached XP level 17. HP: 84/149 MP: 34/36
 35101 | D:17     | Reached skill level 21 in Axes
 35218 | D:17     | Reached skill level 1 in Traps
 35723 | D:18     | Received a gift from Okawaru
 35761 | D:18     | Got a polished shield {god gift}
 35776 | D:18     | Identified the +0 shield of Throva Tevawk {Dex+3 Acc+4} (Okawaru gifted it to you on level 18 of the Dungeon)
 37890 | D:20     | Entered Level 20 of the Dungeon
 38283 | D:20     | Found a staircase to the Vaults.
 38967 | D:19     | Reached skill level 15 in Fighting
 40613 | D:21     | Found a gateway to Hell.
 40774 | D:21     | Reached XP level 18. HP: 138/158 MP: 34/37
 40779 | D:21     | Received a gift from Okawaru
 40979 | D:21     | Found an iron altar of Okawaru.
 41497 | D:21     | Found a one-way gate leading to the halls of Pandemonium.
 43163 | Elf:1    | Entered Level 1 of the Elven Halls
 43375 | Spider:1 | Entered Level 1 of the Spider Nest
 43455 | Spider:1 | Reached skill level 5 in Traps
 43538 | Spider:1 | Noticed Nergalle
 43555 | Spider:1 | Killed Nergalle
 43969 | Spider:1 | Noticed Azrael
 43981 | Spider:1 | Killed Azrael
 44090 | Spider:1 | Noticed Maud
 44100 | Spider:1 | Killed Maud
 44425 | Spider:1 | Received a gift from Okawaru
 44648 | Spider:2 | Noticed Kirke
 44658 | Spider:2 | Killed Kirke
 44796 | Spider:2 | Noticed Norris
 44817 | Spider:2 | Killed Norris
 44817 | Spider:2 | Reached skill level 22 in Invocations
 45689 | Spider:3 | Noticed Arachne
 45704 | Spider:3 | Killed Arachne
 45704 | Spider:3 | Reached XP level 19. HP: 106/168 MP: 38/38
 46847 | Spider:3 | Noticed Wiglaf
 46875 | Spider:3 | Killed Wiglaf
 48159 | Elf:1    | Noticed Rupert
 48179 | Elf:1    | Killed Rupert
 48756 | Elf:1    | Noticed Louise
 48910 | Elf:1    | Killed Louise
 49609 | Elf:2    | Received a gift from Okawaru
 49703 | Elf:2    | Noticed Snorg
 49715 | Elf:2    | Killed Snorg
 49715 | Elf:2    | Reached skill level 15 in Evocations
 49786 | Elf:2    | Found Gusehi's Magical Wand Shoppe.
 49882 | Elf:2    | Reached skill level 15 in Armour
 50160 | Elf:2    | Noticed Nikola
 50180 | Elf:2    | Killed Nikola
 50341 | Elf:3    | Entered Level 3 of the Elven Halls
 50341 | Elf:3    | Found Pneem's Magic Scroll Shop.
 50360 | Elf:3    | Found Pyrghaw's General Store.
 50438 | Elf:3    | Found Ghaku's Jewellery Emporium.
 50527 | Elf:3    | Found Nuebusmo's Distillery.
 50538 | Elf:3    | Bought 2 potions of heal wounds for 108 gold pieces
 53262 | Elf:3    | Reached XP level 18. HP: 161/161 MP: 37/37
 53269 | Elf:3    | Reached XP level 19. HP: 154/170 MP: 38/38
 53288 | Elf:3    | Reached XP level 18. HP: 89/162 MP: 35/37
 53715 | Elf:3    | Gained mutation: You are dopey (Int -1). [a neqoxec]
 53847 | Elf:3    | Reached XP level 19. HP: 123/170 MP: 35/38
 53996 | Elf:3    | Got a transparent crystal amulet
 54002 | Elf:3    | Identified the Grimoire of Unstable Evil Arts
 54036 | Elf:3    | Reached XP level 18. HP: 162/162 MP: 37/37
 54430 | Elf:3    | Reached XP level 19. HP: 166/170 MP: 36/38
 54853 | Elf:3    | Gained mutation: You passively map a small area around you. [a cacodemon]
 55684 | Elf:3    | Reached XP level 18. HP: 162/162 MP: 37/37
 55690 | Elf:3    | Reached XP level 19. HP: 166/170 MP: 38/38
 55695 | Elf:3    | Reached XP level 18. HP: 162/162 MP: 37/37
 55777 | Elf:3    | Got a sparkling bone ring
 56388 | Lair:2   | Identified the amulet of the Stars {rCorr Acc+4} (You found it on level 3 of the Elven Halls)
 56389 | Lair:2   | Identified the ring "Xadynn Anuh" {Regen rElec} (You found it on level 3 of the Elven Halls)
 56423 | Lair:2   | Gained mutation: Your muscles are strong, but stiff (Str +1, Dex -1). [potion of mutation]
 56423 | Lair:2   | Gained mutation: You have sharp fingernails. [potion of mutation]
 56560 | Spider:5 | Entered Level 5 of the Spider Nest
 56618 | Spider:5 | Reached XP level 19. HP: 139/171 MP: 38/38
 56963 | Spider:5 | Noticed Jory
 56996 | Spider:5 | Killed Jory
 57422 | Spider:5 | Noticed Xtahua
 57492 | Spider:5 | Received a gift from Okawaru
 58456 | Spider:5 | HP: 4/171 [Xtahua/blast of flame (22)]
 58457 | Spider:5 | Killed from afar by Xtahua

Action                   |  1- 3 |  4- 6 |  7- 9 | 10-12 | 13-15 | 16-18 | 19-21 || total
-------------------------+-------+-------+-------+-------+-------+-------+-------++-------
Melee: Hand axe          |   105 |   365 |   736 |  1007 |       |       |       ||  2213
       War axe           |       |       |       |   255 |  1553 |  1609 |  1077 ||  4494
 Fire: Blowgun           |       |       |       |     1 |       |       |       ||     1
Invok: Heroism           |       |       |     3 |    22 |    13 |    21 |    18 ||    77
       Finesse           |       |       |       |     7 |     2 |     4 |     6 ||    19
Evoke: Wand              |       |       |     1 |    14 |    14 |     8 |    10 ||    47
       Miscellaneous     |       |       |       |     1 |       |       |       ||     1
  Use: Scroll            |     5 |       |    14 |    13 |    21 |    18 |     1 ||    72
       Potion            |       |     2 |       |    12 |     2 |     8 |    13 ||    37
 Stab: Confused          |       |       |       |     5 |       |       |       ||     5
       Sleeping          |       |       |       |     1 |       |       |       ||     1
       Distracted        |       |       |       |       |     1 |       |       ||     1
       Held in net/web   |       |       |       |       |       |     3 |     1 ||     4
       Petrifying        |       |       |       |       |       |     1 |       ||     1
